 Dungeon Crawl Stone Soup version 0.29-a0-575-g0dc89cf (webtiles) character file.

Game seed: 4292593803705752987

26 BingusPrime the Grasshopper (level 3, 30/30 HPs)
             Began as a Ghoul Warper on June 12, 2022.
             Quit the game on level 1 of the Dungeon.
             The game lasted 00:02:23 (866 turns).

BingusPrime the Grasshopper (Ghoul Warper)           Turns: 866, Time: 00:02:24

Health: 30/30      AC:  3    Str: 16    XL:     3   Next: 8%
Magic:  5/5        EV: 11    Int:  8    God:
Gold:   35         SH:  0    Dex:  8    Spells: 6/6 levels left

rFire   . . .      SeeInvis .   a - +0 falchion
rCold   + . .      Faith    .   (no shield)
rNeg    + + +      Spirit   .   b - +0 leather armour
rPois   ∞          Reflect  .   (no helmet)
rElec   .          Harm     .   (no cloak)
rCorr   .          Rampage  .   (no gloves)
Will    .....                   (no boots)
Stlth   +.........              (no amulet)
HPRegen 0.10/turn               (no ring)
MPRegen 0.09/turn               (no ring)

@: no status effects
A: claws 1, cold resistance 1, negative energy resistance 3, inhibited
regeneration, torment resistance 2, devour on kill
a: no special abilities


You were on level 1 of the Dungeon.
You visited 1 branch of the dungeon, and saw 1 of its levels.

You collected 35 gold pieces.

Inventory:

Hand Weapons
 a - a +0 falchion (weapon)
Missiles
 d - 7 boomerangs of dispersal (quivered)
 g - 3 boomerangs
Armour
 b - a +0 leather armour (worn)
Magical Staves
 e - a staff of earth
Scrolls
 c - a scroll of blinking
 f - 2 scrolls of identify {unknown}
 i - a scroll of enchant armour {unknown}
 k - a scroll of noise {unknown}
Potions
 h - a potion of degeneration {unknown}
 j - a potion of cancellation {unknown}


   Skills:
 + Level 2.4 Fighting
 + Level 2.0 Long Blades
 + Level 1.1 Throwing
 * Level 1.4 Armour
 + Level 1.9 Dodging
 * Level 2.0 Spellcasting
 + Level 2.8 Translocations


You had 6 spell levels left.
You didn't know any spells.
Your spell library contained the following spells:

 Spells                   Type           Power      Damage    Failure   Level
 Blink                    Tloc           10%        N/A       21%         2
 Gell's Gravitas          Tloc           5%         N/A       38%         3
 Lesser Beckoning         Tloc           5%         N/A       38%         3
 Teleport Other           Tloc           5%         N/A       38%         3
 Manifold Assault         Tloc           5%         N/A       98%         5


Dungeon Overview and Level Annotations

Branches:
Dungeon (1/15)

Altars:


Innate Abilities, Weirdness & Mutations

You are immune to poison.
You have sharp fingernails.
Your flesh is cold resistant. (rC+)
You are immune to negative energy. (rN+++)
You do not regenerate when monsters are visible.
You are immune to unholy pain and torment.
You thrive by killing the living.


Message History

You barely miss the giant cockroach.
The giant cockroach is almost dead.
The giant cockroach bites you but does no damage.
You closely miss the giant cockroach.
The giant cockroach is almost dead.
The giant cockroach misses you.
The giant cockroach bites you but does no damage.
You closely miss the giant cockroach.
The giant cockroach is almost dead.
The giant cockroach barely misses you.
You hit the giant cockroach.
You kill the giant cockroach!
You feel better.
No target in view!
There is a stone staircase leading down here.
You open the door.
There is an open door here.
There is an open door here.
You see here a +0 dagger.
A giant cockroach comes into view.
You hit the giant cockroach.
The giant cockroach is heavily wounded.
The giant cockroach bites you but does no damage.
You hit the giant cockroach but do no damage.
The giant cockroach is heavily wounded.
The giant cockroach barely misses you.
The giant cockroach bites you but does no damage.
You closely miss the giant cockroach.
The giant cockroach is heavily wounded.
The giant cockroach completely misses you.
You barely miss the giant cockroach.
The giant cockroach is heavily wounded.
The giant cockroach bites you.
You hit the giant cockroach.
You kill the giant cockroach!
You feel better.
No target in view!
Done exploring.
Done exploring.
Are you sure you want to abandon this character and quit the game? (Confirm with "yes".)

............................>...#
........#####'#........#........#
.........# #.#####.######.......
.........# #.#####'######...####
.........# #...........##...#...
.........# #...........##...'...
.........# #...........##...####
####...######...........##......#
................@.......##...##.#
###<>############.......##...##.#
................#.......#######.#
#......##..##...###'####.....##.#
................# #.# #......+...
#......######...# #.# #......##.#
................# #.# #.....###..
###############.###.# #.....'...#
.................##'####....###.#


There were no monsters in sight!

Vanquished Creatures
  A ball python (D:1)
  A bat (D:1)
  6 endoplasms (D:1)
  2 giant cockroaches (D:1)
  3 goblins (D:1)
  3 hobgoblins (D:1)
  A kobold (D:1)
  A quokka (D:1)
  A frilled lizard (D:1)
  A rat (D:1)
20 creatures vanquished.

Notes
Turn   | Place    | Note
-------+----------+-------------------------------------------
     0 | D:1      | BingusPrime the Ghoul Warper began the quest for the Orb.
     0 | D:1      | Reached XP level 1. HP: 17/17 MP: 2/2
    37 | D:1      | Reached skill level 1 in Armour
   102 | D:1      | Reached skill level 1 in Throwing
   134 | D:1      | Reached XP level 2. HP: 24/24 MP: 3/3
   615 | D:1      | Reached XP level 3. HP: 30/30 MP: 5/5
   866 | D:1      | Quit the game

Illustrated notes

Levels and vault maps discovered:
D:1:      dpeg_arrival_line_fractal, layout_basic

Skill      XL: |  1  2 |
---------------+-------+-----
Armour         | 1 |  1.4
Throwing       | 1 |  1.1
Spellcasting   | 2 |  2.0
Long Blades    | 2 |  2.0
Fighting       | |  2.4
Dodging        | |  1.9
Translocations | |  2.8

Action                   || total
-------------------------++-------
Melee: Falchion          ||    60
Armor: Leather armour    ||    21
Dodge: Dodged            ||    37

Table legend: (Time is in decaauts)
 A = Elapsed time spent in this place.
 B = Non-inter-level travel time spent in this place.
 C = Inter-level travel time spent in this place.
 D = Time resting spent in this place.
 E = Time spent auto-exploring this place.
 F = Levels seen in this place.
 G = Mean time per level.
                   A        B        C        D        E       F      G
               +--------+--------+--------+--------+--------+-----+--------+
         Total |    878 |    853 |     25 |      0 |    727 |   1 |  878.0 |
       Dungeon |    878 |    853 |     25 |      0 |    727 |   1 |  878.0 |
               +--------+--------+--------+--------+--------+-----+--------+

Top non-repeatable levels by time:
     D:1: 878 daAuts
